Condors vs Phantoms

Created - Tuesday, January 26, 2016 at 12:15

Goals
1 2 3 T
Condors 0 2 0 2
Phantoms 0 1 0 1
Shots
1 2 3 T
Condors 7 19 3 29
Phantoms 8 12 9 29

1st period

No Goal

Penalties :
Tom Sestito (LEH) for Fighting (Major) at 6:55, John Negrin (BAK) for Fighting (Major) at 6:55, Tom Sestito (LEH) for instigated a fight (Minor) at 6:55, Tom Sestito (LEH) for instigated a fight (10 Minutes Misconduct) at 6:55

2nd period

1. Phantoms , Greg Zanon 1 (Keegan Lowe, Tom Sestito) at 9:15
2. Condors , Matt Bailey 1 (Ryan Stanton, David Schlemko) at 9:35
3. Condors , Teemu Pulkkinen 14 (Kris Newbury, Ryan Stanton) at 13:15 (PP)

Penalties :
Michael Chaput (BAK) for Holding (Minor) at 2:55, Steve MacIntyre (LEH) for Hooking (Minor) at 12:29, Steve MacIntyre (LEH) for Fighting (Major) at 16:21, Michael Mersch (BAK) for Fighting (Major) at 16:21, Jared Nightingale (LEH) for Fighting (Major) at 17:16, Taylor Fedun (BAK) for Fighting (Major) at 17:16, Kris Newbury (BAK) for Holding (Minor) at 17:39

3rd period

No Goal

Penalties :
Chris Neil (LEH) for Fighting (Major) at 0:44, Michael Chaput (BAK) for Fighting (Major) at 0:44, Chris Neil (LEH) for instigated a fight (Minor) at 0:44, Chris Neil (LEH) for instigated a fight (10 Minutes Misconduct) at 0:44, Taylor Fedun (BAK) for High sticking (Minor) at 19:14

Goalie Stats

Scott Wedgewood (BAK), 28 saves from 29 shots - (0.966), W, 2-2-2, 60:00 minutes
Marek Mazanec (LEH), 27 saves from 29 shots - (0.931), L, 25-10-13, 59:00 minutes

Players Stats for Condors

Player Name              G  A  P  +/- PIM S  H  SB GA TA FO     MP     PP MP  PK MP  
------------------------------------------------------------------------------------
Anthony Bitetto          0  0  0   0  0   0  1  2  1  1  0/0    19:57   1:40   0:58 
Bill Arnold              0  0  0   0  0   2  0  1  0  0  0/1    11:51   0:17   0:00 
David Schlemko           0  1  1   1  0   5  6  1  3  3  0/0    24:56   3:04   3:45 
Jeremie Blain            0  0  0  -1  0   0  0  0  0  0  0/0    10:01   0:00   0:00 
John Negrin              0  0  0   0  5   1  0  0  0  0  0/0     4:41   0:00   0:00 
Ken Agostino             0  0  0   0  0   0  2  1  0  1  0/0    13:50   0:00   1:13 
Kevin Goumas             0  0  0   0  0   0  1  0  0  0  0/0    16:03   0:00   0:00 
Kris Newbury             0  1  1   0  2   1  0  0  4  0  1/1    19:16   2:45   1:24 
Matt Bailey              1  0  1   0  0   1  1  1  0  0  1/1    17:13   1:59   0:00 
Michael Chaput           0  0  0   0  7   2  3  1  1  0  3/5    16:42   1:27   2:20 
Michael Mersch           0  0  0   0  5   1  1  1  1  0  0/0    14:10   0:00   0:00 
Pat Cannone              0  0  0   0  0   2  0  0  1  1  1/5    15:17   1:01   0:00 
Rob Bordson              0  0  0   0  0   2  1  0  1  1  0/1    15:58   1:59   0:00 
Ryan Stanton             0  2  2   1  0   5  2  0  4  3  0/0    24:33   3:04   3:45 
Taylor Fedun             0  0  0   0  7   1  0  1  0  0  0/0    18:35   0:54   0:58 
Teemu Pulkkinen          1  0  1   0  0   2  0  0  1  0  3/9    16:35   2:45   4:05 
Tommy Cross              0  0  0  -1  0   0  1  0  0  0  0/0    17:19   0:46   0:00 
Tyler Graovac            0  0  0   0  0   4  2  0  2  0  8/17   18:13   1:59   0:24 

Players Stats for Phantoms

Player Name              G  A  P  +/- PIM S  H  SB GA TA FO     MP     PP MP  PK MP  
------------------------------------------------------------------------------------
Ben Street               0  0  0  -1  0   1  2  0  1  1  7/14   20:19   2:11   3:53 
Bryan Lerg               0  0  0   0  0   3  0  1  1  2  0/0    20:09   2:32   2:08 
Byron Froese             0  0  0   0  0   0  0  0  4  1  5/9    17:49   2:32   0:26 
Chris Langkow            0  0  0   0  0   1  2  0  0  0  1/4    15:50   0:30   0:00 
Chris Neil               0  0  0  -1  17  4  5  0  3  1  3/6    18:00   1:41   1:21 
Erik Burgdoerfer         0  0  0   0  0   1  0  0  0  0  0/0     3:18   0:00   0:00 
Garrett Wilson           0  0  0  -1  0   3  1  0  3  0  0/0    18:03   2:11   0:00 
Greg Zanon               1  0  1   1  0   3  0  1  0  1  0/0    26:58   3:15   3:17 
Jared Nightingale        0  0  0  -1  5   1  6  1  1  2  0/0    22:44   1:56   0:03 
Keegan Lowe              0  1  1   0  0   2  0  0  3  0  0/0    20:54   1:19   3:17 
Mark Louis               0  0  0   0  0   0  0  0  0  0  0/0     8:51   0:00   0:00 
Martin Gernat            0  0  0   0  0   3  2  3  1  0  0/0    24:11   1:28   1:27 
Nathan Longpre           0  0  0   1  0   1  0  0  0  0  5/5    13:13   0:00   0:00 
Stephen Johns            0  0  0   0  0   1  0  1  0  2  0/0    20:23   1:28   1:27 
Steve MacIntyre          0  0  0   1  7   2  0  0  3  0  1/1    13:39   0:00   0:13 
Steve McCarthy           0  0  0   0  0   0  0  0  0  0  0/0     1:59   0:00   0:00 
Stu Bickel               0  0  0   0  0   3  4  1  1  1  0/0    20:11   2:32   0:26 
Tom Sestito              0  1  1   1  17  0  1  0  1  0  1/1     8:56   0:00   1:14 

3 Stars

1 - Scott Wedgewood (BAK)
2 - David Schlemko (BAK)
3 - Ryan Stanton (BAK)

Power Play

Condors - 1 on 3 Attempt(s) - 33.33%
Phantoms - 0 on 3 Attempt(s) - 0.00%

Penalty Kill

Condors - 3 on 3 Attempt(s) - 100.00% - Score 0 goal in Penalty Kill
Phantoms - 2 on 3 Attempt(s) - 66.67% - Score 0 goal in Penalty Kill

Team Stat

Condors - Hits : 21 - Faceoff Wins : 17 - Blocked Shots : 9 - Penalty Minutes : 26
Phantoms - Hits : 23 - Faceoff Wins : 23 - Blocked Shots : 8 - Penalty Minutes : 46

Official

Referees : Unknown
Linesman : Unknown

Game Notes

Tom Sestito beats up John Negrin at 6:55 of 1st period
Steve MacIntyre beats up Michael Mersch at 16:21 of 2nd period
Taylor Fedun beats up Jared Nightingale at 17:16 of 2nd period
Chris Neil and Michael Chaput fight to a draw at 0:44 of 3rd period

Finance

Level 1 -- Attendance: 1620 (81.00%) -- Ticket Income $19,440
Level 2 -- Attendance: 689 (68.90%) -- Ticket Income $3,445
Total Attendance: 2309 (76.97%)
Total Ticket Income: $22,885
Other Income: $11,214
Total Income: $34,099

Condors

5 vs 5 Forward 
   Center                   Left Wing                Right Wing               Time % Phy DF OF 
 1 Tyler Graovac            Michael Mersch           Kris Newbury             30     1   2  2  
 2 Michael Chaput           Rob Bordson              Matt Bailey              30     1   2  2  
 3 Pat Cannone              Ken Agostino             Kevin Goumas             22     1   2  2  
 4 Bill Arnold              Teemu Pulkkinen          Kevin Goumas             18     1   2  2  

5 vs 5 Defense 
   Defense                  Defense                                           Time % Phy DF OF 
 1 Ryan Stanton             David Schlemko                                    33     1   2  2  
 2 Taylor Fedun             Anthony Bitetto                                   32     1   2  2  
 3 Tommy Cross              Jeremie Blain                                     22     1   2  2  
 4 John Negrin              Tommy Cross                                       13     1   2  2  

PowerPlay Forward 
   Center                   Left Wing                Right Wing               Time % Phy DF OF 
 1 Michael Chaput           Teemu Pulkkinen          Kris Newbury             60     1   2  2  
 2 Tyler Graovac            Rob Bordson              Matt Bailey              40     1   2  2  

PowerPlay Defense
   Defense                  Defense                                           Time % Phy DF OF 
 1 Ryan Stanton             David Schlemko                                    60     1   2  2  
 2 Taylor Fedun             Anthony Bitetto                                   40     1   2  2  

Penalty Kill 4 Players Forward 
   Center                   Wing                     Time % Phy DF OF 
 1 Teemu Pulkkinen          Michael Chaput           60     1   2  2  
 2 Tyler Graovac            Kris Newbury             40     1   2  2  

Penalty Kill 4 Players Defense
   Defense                  Defense                  Time % Phy DF OF 
 1 Ryan Stanton             David Schlemko           60     1   2  2  
 2 Taylor Fedun             Anthony Bitetto          40     1   2  2  

Penalty Kill - 3 Players Forward 
   Forward                                           Time % Phy DF OF 
 1 Teemu Pulkkinen                                   60     1   2  2  
 2 Michael Chaput                                    40     1   2  2  

Penalty Kill - 3 Players Defense
   Defense                  Defense                  Time % Phy DF OF 
 1 Ryan Stanton             David Schlemko           60     1   2  2  
 2 Taylor Fedun             Anthony Bitetto          40     1   2  2  

4 vs 4 Forward 
   Center                   Wing                     Time % Phy DF OF 
 1 Teemu Pulkkinen          Michael Chaput           60     1   2  2  
 2 Tyler Graovac            Kris Newbury             40     1   2  2  

4 vs 4 Defense
   Defense                  Defense                  Time % Phy DF OF 
 1 Ryan Stanton             David Schlemko           60     1   2  2  
 2 Taylor Fedun             Anthony Bitetto          40     1   2  2  

Last Minutes Offensive
   Center                   Left Wing                Right Wing               Defense                  Defense                  
   Michael Chaput           Teemu Pulkkinen          Kris Newbury             Ryan Stanton             David Schlemko           

Last Minutes Defensive
   Center                   Left Wing                Right Wing               Defense                  Defense                  
   Michael Chaput           Teemu Pulkkinen          Kris Newbury             Ryan Stanton             David Schlemko           

Goaltenders
Starting : Scott Wedgewood          
Backup : Joe Cannata              

Extra Forwards
Normal : Pat Cannone, Bill Arnold, Ken Agostino - PP : Pat Cannone, Bill Arnold - PK : Ken Agostino
Extra Defensemen
Normal : Tommy Cross, David Schlemko, Ryan Stanton - PP : Tommy Cross - PK : David Schlemko, Ryan Stanton
Penalty Shots
Teemu Pulkkinen, Michael Chaput, Tyler Graovac, Kris Newbury, Pat Cannone

Phantoms

5 vs 5 Forward 
   Center                   Left Wing                Right Wing               Time % Phy DF OF 
 1 Ben Street               Garrett Wilson           Chris Neil               35     1   2  2  
 2 Byron Froese             Bryan Lerg               Stu Bickel               30     1   2  2  
 3 Chris Langkow            Tom Sestito              Chris Neil               22     1   2  2  
 4 Nathan Longpre           Steve MacIntyre          Chris Neil               13     1   2  2  

5 vs 5 Defense 
   Defense                  Defense                                           Time % Phy DF OF 
 1 Jared Nightingale        Greg Zanon                                        35     1   2  2  
 2 Martin Gernat            Stephen Johns                                     30     1   2  2  
 3 Keegan Lowe              Jared Nightingale                                 22     1   2  2  
 4 Martin Gernat            Greg Zanon                                        13     1   2  2  

PowerPlay Forward 
   Center                   Left Wing                Right Wing               Time % Phy DF OF 
 1 Ben Street               Garrett Wilson           Chris Neil               60     1   2  2  
 2 Byron Froese             Bryan Lerg               Stu Bickel               40     1   2  2  

PowerPlay Defense
   Defense                  Defense                                           Time % Phy DF OF 
 1 Jared Nightingale        Greg Zanon                                        60     1   2  2  
 2 Martin Gernat            Stephen Johns                                     40     1   2  2  

Penalty Kill 4 Players Forward 
   Center                   Wing                     Time % Phy DF OF 
 1 Chris Neil               Ben Street               60     1   2  2  
 2 Stu Bickel               Byron Froese             40     1   2  2  

Penalty Kill 4 Players Defense
   Defense                  Defense                  Time % Phy DF OF 
 1 Keegan Lowe              Greg Zanon               60     1   2  2  
 2 Martin Gernat            Stephen Johns            40     1   2  2  

Penalty Kill - 3 Players Forward 
   Forward                                           Time % Phy DF OF 
 1 Chris Neil                                        60     1   2  2  
 2 Ben Street                                        40     1   2  2  

Penalty Kill - 3 Players Defense
   Defense                  Defense                  Time % Phy DF OF 
 1 Stu Bickel               Greg Zanon               60     1   2  2  
 2 Martin Gernat            Stephen Johns            40     1   2  2  

4 vs 4 Forward 
   Center                   Wing                     Time % Phy DF OF 
 1 Chris Neil               Ben Street               60     1   2  2  
 2 Stu Bickel               Byron Froese             40     1   2  2  

4 vs 4 Defense
   Defense                  Defense                  Time % Phy DF OF 
 1 Jared Nightingale        Greg Zanon               60     1   2  2  
 2 Martin Gernat            Stephen Johns            40     1   2  2  

Last Minutes Offensive
   Center                   Left Wing                Right Wing               Defense                  Defense                  
   Ben Street               Garrett Wilson           Chris Neil               Stu Bickel               Greg Zanon               

Last Minutes Defensive
   Center                   Left Wing                Right Wing               Defense                  Defense                  
   Ben Street               Garrett Wilson           Chris Neil               Stu Bickel               Greg Zanon               

Goaltenders
Starting : Marek Mazanec            
Backup : Laurent Brossoit         

Extra Forwards
Normal : Chris Neil, Chris Langkow, Tom Sestito - PP : Chris Neil, Chris Langkow - PK : Tom Sestito
Extra Defensemen
Normal : Keegan Lowe, Jared Nightingale, Stu Bickel - PP : Keegan Lowe - PK : Jared Nightingale, Stu Bickel
Penalty Shots
Chris Neil, Ben Street, Stu Bickel, Byron Froese, Garrett Wilson

% Time on Ice - Condors

Lines # - Real PCT - Wanted PCT - Time Play
Normal Forward
1 - 32% - 30% - 15:57
2 - 28% - 30% - 14:20
3 - 23% - 22% - 11:48
4 - 17% - 18% - 8:28
Normal Defense
1 - 33% - 33% - 16:35
2 - 34% - 32% - 17:19
3 - 20% - 22% - 10:01
4 - 13% - 13% - 6:38
PP Forward
1 - 58% - 60% - 2:45
2 - 42% - 40% - 1:59
PP Defense
1 - 65% - 60% - 3:04
2 - 35% - 40% - 1:40
PK Forward
1 - 92% - 60% - 4:19
2 - 8% - 40% - 0:24
PK Defense
1 - 80% - 60% - 3:45
2 - 20% - 40% - 0:58
PK3 Forward
1 - 0% - 60%
2 - 0% - 40%
PK3 Defense
1 - 0% - 60%
2 - 0% - 40%
44 Forward
1 - 0% - 60%
2 - 0% - 40%
44 Defense
1 - 0% - 60%
2 - 0% - 40%
Last Minute Offensive  - 0:00
Last Minute Defensive  - 0:00
Total
Forward - 60:00
Defense - 60:00

% Time on Ice - Phantoms

Lines # - Real PCT - Wanted PCT - Time Play
Normal Forward
1 - 30% - 35% - 15:10
2 - 24% - 30% - 12:00
3 - 23% - 22% - 11:43
4 - 23% - 13% - 11:37
Normal Defense
1 - 29% - 35% - 14:24
2 - 33% - 30% - 16:43
3 - 25% - 22% - 12:34
4 - 13% - 13% - 6:49
PP Forward
1 - 46% - 60% - 2:11
2 - 54% - 40% - 2:32
PP Defense
1 - 69% - 60% - 3:15
2 - 31% - 40% - 1:28
PK Forward
1 - 91% - 60% - 4:18
2 - 9% - 40% - 0:26
PK Defense
1 - 69% - 60% - 3:17
2 - 31% - 40% - 1:27
PK3 Forward
1 - 0% - 60%
2 - 0% - 40%
PK3 Defense
1 - 0% - 60%
2 - 0% - 40%
44 Forward
1 - 0% - 60%
2 - 0% - 40%
44 Defense
1 - 0% - 60%
2 - 0% - 40%
Last Minute Offensive  - 0:03
Last Minute Defensive  - 0:00
Total
Forward - 60:00
Defense - 60:00

Play by Play

1st period


0:01 of 1st period - Tyler Graovac wins face-off versus Ben Street in neutral zone.
0:12 of 1st period - Wrist shot by Chris Neil.
0:12 of 1st period - Stopped by Scott Wedgewood without a rebound.
0:13 of 1st period - Ben Street wins face-off versus Tyler Graovac in Condors zone.
0:34 of 1st period - David Schlemko is hit by Chris Neil and loses puck.
1:08 of 1st period - Byron Froese is hit by David Schlemko and loses puck.
1:15 of 1st period - Wrist shot by Rob Bordson.
1:15 of 1st period - Stopped by Marek Mazanec with a rebound.
1:43 of 1st period - Snap shot by Taylor Fedun.
1:43 of 1st period - Stopped by Marek Mazanec with a rebound.
2:31 of 1st period - Snap shot by Bill Arnold.
2:31 of 1st period - Stopped by Marek Mazanec with a rebound.
3:12 of 1st period - Michael Mersch is hit by Garrett Wilson and loses puck.
3:19 of 1st period - Snap shot by Garrett Wilson.
3:19 of 1st period - Stopped by Scott Wedgewood with a rebound.
3:27 of 1st period - Tyler Graovac is hit by Chris Langkow and loses puck.
4:06 of 1st period - Nathan Longpre is hit by Rob Bordson and loses puck.
4:27 of 1st period - Slapshot by Michael Chaput.
4:27 of 1st period - Stopped by Marek Mazanec without a rebound.
4:28 of 1st period - Ben Street wins face-off versus Pat Cannone in Phantoms zone.
5:25 of 1st period - Rob Bordson is hit by Jared Nightingale and loses puck.
6:29 of 1st period - Wrist shot by Chris Neil.
6:29 of 1st period - Stopped by Scott Wedgewood with a rebound.
6:31 of 1st period - Slapshot by Martin Gernat.
6:31 of 1st period - Stopped by Scott Wedgewood with a rebound.
6:44 of 1st period - Icing by Stephen Johns.
6:45 of 1st period - Tyler Graovac wins face-off versus Chris Langkow in Phantoms zone.
6:48 of 1st period - Snap shot by Kris Newbury.
6:48 of 1st period - Shot Misses the Net.
6:50 of 1st period - Wrist shot by Kris Newbury.
6:50 of 1st period - Deflect By Tyler Graovac.
6:50 of 1st period - Shot Blocked by Martin Gernat.
6:50 of 1st period - Puck is out of play.
6:51 of 1st period - Tyler Graovac wins face-off versus Chris Langkow in Phantoms zone.
6:54 of 1st period - Wrist shot by Kris Newbury.
6:54 of 1st period - Deflect By Tyler Graovac.
6:54 of 1st period - Stopped by Marek Mazanec with a rebound.
6:55 of 1st period - Tom Sestito beats up John Negrin.
6:55 of 1st period - Penalty to Tom Sestito for Fighting.
6:55 of 1st period - Penalty to John Negrin for Fighting.
6:55 of 1st period - Penalty to Tom Sestito for instigated a fight.
6:55 of 1st period - Penalty to Tom Sestito for instigated a fight.
6:56 of 1st period - Chris Neil wins face-off versus Teemu Pulkkinen in Phantoms zone.
8:55 of 1st period - Penalty to Tom Sestito is over, Chris Neil is send on ice.
8:56 of 1st period - Stephen Johns is hit by Anthony Bitetto and loses puck.
9:21 of 1st period - Wrist shot by Pat Cannone.
9:21 of 1st period - Shot Misses the Net.
9:29 of 1st period - Slapshot by Pat Cannone.
9:29 of 1st period - Stopped by Marek Mazanec with a rebound.
9:31 of 1st period - Slapshot by Tommy Cross.
9:31 of 1st period - Shot Blocked by Martin Gernat.
9:41 of 1st period - Slapshot by Ryan Stanton.
9:41 of 1st period - Shot Blocked by Stephen Johns.
12:46 of 1st period - Bill Arnold is hit by Chris Neil and loses puck.
12:53 of 1st period - Slapshot by Garrett Wilson.
12:53 of 1st period - Shot Misses the Net.
13:13 of 1st period - Slapshot by Stu Bickel.
13:13 of 1st period - Stopped by Scott Wedgewood with a rebound.
13:15 of 1st period - Snap shot by Stu Bickel.
13:15 of 1st period - Shot Misses the Net.
13:38 of 1st period - Michael Chaput is hit by Ben Street and loses puck.
14:27 of 1st period - Wrist shot by Nathan Longpre.
14:27 of 1st period - Stopped by Scott Wedgewood with a rebound.
14:29 of 1st period - Slapshot by Erik Burgdoerfer.
14:29 of 1st period - Deflect By Teemu Pulkkinen.
14:29 of 1st period - Stopped by Scott Wedgewood without a rebound.
14:30 of 1st period - Nathan Longpre wins face-off versus Bill Arnold in Condors zone.
15:39 of 1st period - Snap shot by Steve MacIntyre.
15:39 of 1st period - Stopped by Scott Wedgewood with a rebound.
17:11 of 1st period - Steve McCarthy is hit by Matt Bailey and loses puck.
17:36 of 1st period - Steve McCarthy is hit by Michael Mersch and loses puck.
17:43 of 1st period - Snap shot by Tyler Graovac.
17:43 of 1st period - Shot Blocked by Stu Bickel.
17:45 of 1st period - Snap shot by Kris Newbury.
17:45 of 1st period - Shot Misses the Net.
17:47 of 1st period - Slapshot by John Negrin.
17:47 of 1st period - Stopped by Marek Mazanec without a rebound.
17:48 of 1st period - Nathan Longpre wins face-off versus Tyler Graovac in Phantoms zone.
18:33 of 1st period - Ryan Stanton is hit by Jared Nightingale and loses puck.
Goals for this period are 0 for Condors vs 0 for Phantoms.
Shots for this period are 7 for Condors vs 8 for Phantoms.

2nd period


0:01 of 2nd period - Matt Bailey wins face-off versus Ben Street in neutral zone.
0:10 of 2nd period - Snap shot by Michael Chaput.
0:10 of 2nd period - Shot Misses the Net.
0:12 of 2nd period - Snap shot by Michael Chaput.
0:12 of 2nd period - Deflect By Greg Zanon.
0:12 of 2nd period - Stopped by Marek Mazanec with a rebound.
0:14 of 2nd period - Wrist shot by Rob Bordson.
0:14 of 2nd period - Shot Misses the Net.
0:32 of 2nd period - Slapshot by Garrett Wilson.
0:32 of 2nd period - Stopped by Scott Wedgewood with a rebound.
0:50 of 2nd period - Ryan Stanton is hit by Jared Nightingale and loses puck.
1:04 of 2nd period - Stephen Johns is hit by Ryan Stanton and loses puck.
1:48 of 2nd period - Kris Newbury is hit by Jared Nightingale and loses puck.
1:55 of 2nd period - 10 Minutes Misconduct Penalty to Tom Sestito is over.
1:59 of 2nd period - Wrist shot by Tyler Graovac.
1:59 of 2nd period - Shot Misses the Net.
2:19 of 2nd period - Off-side.
2:20 of 2nd period - Pat Cannone wins face-off versus Ben Street in neutral zone.
2:31 of 2nd period - Wrist shot by Pat Cannone.
2:31 of 2nd period - Shot Misses the Net.
2:37 of 2nd period - Tommy Cross is hit by Ben Street and loses puck.
2:55 of 2nd period - Minor Penalty to Michael Chaput for Holding.
2:56 of 2nd period - Byron Froese wins face-off versus Teemu Pulkkinen in Condors zone.
3:03 of 2nd period - Slapshot by Bryan Lerg.
3:03 of 2nd period - Shot Misses the Net.
3:21 of 2nd period - Wrist shot by Teemu Pulkkinen.
3:21 of 2nd period - Stopped by Marek Mazanec with a rebound.
3:37 of 2nd period - Ryan Stanton is hit by Stu Bickel and loses puck.
4:17 of 2nd period - Slapshot by Martin Gernat.
4:17 of 2nd period - Stopped by Scott Wedgewood with a rebound.
4:19 of 2nd period - Slapshot by Greg Zanon.
4:19 of 2nd period - Shot Misses the Net.
4:23 of 2nd period - Wrist shot by Garrett Wilson.
4:23 of 2nd period - Deflect By Ben Street.
4:23 of 2nd period - Shot Blocked by Anthony Bitetto.
4:23 of 2nd period - Puck is out of play.
4:24 of 2nd period - Ben Street wins face-off versus Teemu Pulkkinen in Condors zone.
4:55 of 2nd period - Penalty to Michael Chaput is over, Michael Chaput is back on ice.
5:06 of 2nd period - Matt Bailey is hit by Chris Neil and loses puck.
5:24 of 2nd period - Wrist shot by Michael Chaput.
5:24 of 2nd period - Shot Misses the Net.
5:46 of 2nd period - Ken Agostino is hit by Chris Neil.
5:58 of 2nd period - Greg Zanon is hit by Ken Agostino and loses puck.
6:05 of 2nd period - Snap shot by Pat Cannone.
6:05 of 2nd period - Stopped by Marek Mazanec without a rebound.
6:06 of 2nd period - Byron Froese wins face-off versus Tyler Graovac in Phantoms zone.
6:11 of 2nd period - Snap shot by Tyler Graovac.
6:11 of 2nd period - Shot Misses the Net.
6:13 of 2nd period - Slapshot by Anthony Bitetto.
6:13 of 2nd period - Deflect By Tyler Graovac.
6:13 of 2nd period - Stopped by Marek Mazanec with a rebound.
6:17 of 2nd period - Wrist shot by Tyler Graovac.
6:17 of 2nd period - Stopped by Marek Mazanec with a rebound.
6:19 of 2nd period - Wrist shot by Michael Mersch.
6:19 of 2nd period - Shot Misses the Net.
6:21 of 2nd period - Slapshot by Anthony Bitetto.
6:21 of 2nd period - Shot Blocked by Bryan Lerg.
6:23 of 2nd period - Snap shot by Michael Mersch.
6:23 of 2nd period - Stopped by Marek Mazanec without a rebound.
6:24 of 2nd period - Kris Newbury wins face-off versus Byron Froese in Phantoms zone.
6:33 of 2nd period - Snap shot by Kris Newbury.
6:33 of 2nd period - Shot Misses the Net.
6:35 of 2nd period - Slapshot by David Schlemko.
6:35 of 2nd period - Stopped by Marek Mazanec without a rebound.
6:36 of 2nd period - Michael Chaput wins face-off versus Ben Street in Phantoms zone.
7:56 of 2nd period - Taylor Fedun is hit by Jared Nightingale and loses puck.
8:03 of 2nd period - Wrist shot by Byron Froese.
8:03 of 2nd period - Shot Misses the Net.
8:13 of 2nd period - Snap shot by Nathan Longpre.
8:13 of 2nd period - Shot Blocked by Taylor Fedun.
8:15 of 2nd period - Slapshot by Jared Nightingale.
8:15 of 2nd period - Stopped by Scott Wedgewood with a rebound.
8:17 of 2nd period - Slapshot by Steve MacIntyre.
8:17 of 2nd period - Shot Misses the Net.
8:19 of 2nd period - Snap shot by Chris Neil.
8:19 of 2nd period - Stopped by Scott Wedgewood with a rebound.
8:21 of 2nd period - Snap shot by Steve MacIntyre.
8:21 of 2nd period - Stopped by Scott Wedgewood with a rebound.
8:23 of 2nd period - Wrist shot by Steve MacIntyre.
8:23 of 2nd period - Shot Misses the Net.
8:41 of 2nd period - Slapshot by Bryan Lerg.
8:41 of 2nd period - Stopped by Scott Wedgewood with a rebound.
9:13 of 2nd period - Slapshot by Keegan Lowe.
9:13 of 2nd period - Stopped by Scott Wedgewood with a rebound.
9:15 of 2nd period - Slapshot by Greg Zanon.
9:15 of 2nd period - Goal by Greg Zanon - Condors : 0 - Phantoms : 1.
9:16 of 2nd period - Ben Street wins face-off versus Michael Chaput in neutral zone.
9:19 of 2nd period - Slapshot by Ben Street.
9:19 of 2nd period - Stopped by Scott Wedgewood with a rebound.
9:33 of 2nd period - Slapshot by Ryan Stanton.
9:33 of 2nd period - Shot Blocked by Jared Nightingale.
9:35 of 2nd period - Wrist shot by Matt Bailey.
9:35 of 2nd period - Goal by Matt Bailey - Condors : 1 - Phantoms : 1.
9:36 of 2nd period - Chris Neil wins face-off versus Michael Chaput in neutral zone.
9:43 of 2nd period - Wrist shot by Michael Chaput.
9:43 of 2nd period - Shot Misses the Net.
10:11 of 2nd period - Slapshot by Byron Froese.
10:11 of 2nd period - Shot Hit the Post.
10:17 of 2nd period - Rob Bordson is hit by Stu Bickel and loses puck.
10:23 of 2nd period - Icing by Ryan Stanton.
10:24 of 2nd period - Michael Chaput wins face-off versus Ben Street in Condors zone.
10:24 of 2nd period - Michael Chaput is hit by Chris Neil.
10:42 of 2nd period - Snap shot by Garrett Wilson.
10:42 of 2nd period - Stopped by Scott Wedgewood with a rebound.
11:02 of 2nd period - Snap shot by Bryan Lerg.
11:02 of 2nd period - Stopped by Scott Wedgewood with a rebound.
11:28 of 2nd period - Snap shot by Stu Bickel.
11:28 of 2nd period - Shot Misses the Net.
11:52 of 2nd period - Icing by Tyler Graovac.
11:53 of 2nd period - Tyler Graovac wins face-off versus Chris Langkow in Condors zone.
12:03 of 2nd period - Icing by Jeremie Blain.
12:04 of 2nd period - Nathan Longpre wins face-off versus Tyler Graovac in Condors zone.
12:21 of 2nd period - Tommy Cross is hit by Chris Langkow and loses puck.
12:29 of 2nd period - Minor Penalty to Steve MacIntyre for Hooking.
12:30 of 2nd period - Chris Neil wins face-off versus Rob Bordson in Phantoms zone.
12:42 of 2nd period - Wrist shot by Tyler Graovac.
12:42 of 2nd period - Shot Misses the Net.
12:44 of 2nd period - Slapshot by Ryan Stanton.
12:44 of 2nd period - Deflect By Chris Neil.
12:44 of 2nd period - Stopped by Marek Mazanec with a rebound.
12:46 of 2nd period - Slapshot by Ryan Stanton.
12:46 of 2nd period - Deflect By Tyler Graovac.
12:46 of 2nd period - Shot Blocked by Greg Zanon.
12:46 of 2nd period - Puck is out of play.
12:47 of 2nd period - Tyler Graovac wins face-off versus Chris Neil in Phantoms zone.
12:48 of 2nd period - Slapshot by David Schlemko.
12:48 of 2nd period - Stopped by Marek Mazanec with a rebound.
12:50 of 2nd period - Snap shot by David Schlemko.
12:50 of 2nd period - Stopped by Marek Mazanec without a rebound.
12:51 of 2nd period - Teemu Pulkkinen wins face-off versus Chris Neil in Phantoms zone.
13:13 of 2nd period - Snap shot by Kris Newbury.
13:13 of 2nd period - Shot Misses the Net.
13:15 of 2nd period - Slapshot by Teemu Pulkkinen.
13:15 of 2nd period - Goal by Teemu Pulkkinen - Condors : 2 - Phantoms : 1.
13:16 of 2nd period - Tyler Graovac wins face-off versus Byron Froese in neutral zone.
13:25 of 2nd period - Slapshot by David Schlemko.
13:25 of 2nd period - Shot Misses the Net.
13:27 of 2nd period - Snap shot by Ryan Stanton.
13:27 of 2nd period - Deflect By Byron Froese.
13:27 of 2nd period - Stopped by Marek Mazanec without a rebound.
13:28 of 2nd period - Byron Froese wins face-off versus Tyler Graovac in Phantoms zone.
13:32 of 2nd period - Icing by Byron Froese.
13:33 of 2nd period - Tyler Graovac wins face-off versus Byron Froese in Phantoms zone.
13:52 of 2nd period - Slapshot by David Schlemko.
13:52 of 2nd period - Stopped by Marek Mazanec with a rebound.
13:54 of 2nd period - Wrist shot by Ryan Stanton.
13:54 of 2nd period - Deflect By Byron Froese.
13:54 of 2nd period - Stopped by Marek Mazanec with a rebound.
13:56 of 2nd period - Backhand shot by Tyler Graovac.
13:56 of 2nd period - Stopped by Marek Mazanec with a rebound.
13:58 of 2nd period - Wrist shot by Tyler Graovac.
13:58 of 2nd period - Shot Misses the Net.
14:04 of 2nd period - Slapshot by David Schlemko.
14:04 of 2nd period - Stopped by Marek Mazanec with a rebound.
14:06 of 2nd period - Snap shot by Ryan Stanton.
14:06 of 2nd period - Deflect By Greg Zanon.
14:06 of 2nd period - Stopped by Marek Mazanec with a rebound.
14:36 of 2nd period - Bryan Lerg is hit by David Schlemko and loses puck.
14:48 of 2nd period - Byron Froese is hit by Ryan Stanton and loses puck.
15:07 of 2nd period - Ben Street is hit by David Schlemko.
16:21 of 2nd period - Steve MacIntyre beats up Michael Mersch.
16:21 of 2nd period - Penalty to Steve MacIntyre for Fighting.
16:21 of 2nd period - Penalty to Michael Mersch for Fighting.
16:22 of 2nd period - Michael Chaput wins face-off versus Chris Neil in Phantoms zone.
16:31 of 2nd period - Wrist shot by Rob Bordson.
16:31 of 2nd period - Stopped by Marek Mazanec with a rebound.
16:33 of 2nd period - Wrist shot by Michael Chaput.
16:33 of 2nd period - Shot Misses the Net.
16:35 of 2nd period - Slapshot by Michael Chaput.
16:35 of 2nd period - Shot Blocked by Martin Gernat.
17:16 of 2nd period - Taylor Fedun beats up Jared Nightingale.
17:16 of 2nd period - Penalty to Jared Nightingale for Fighting.
17:16 of 2nd period - Penalty to Taylor Fedun for Fighting.
17:17 of 2nd period - Tyler Graovac wins face-off versus Ben Street in neutral zone.
17:39 of 2nd period - Minor Penalty to Kris Newbury for Holding.
17:40 of 2nd period - Byron Froese wins face-off versus Teemu Pulkkinen in Condors zone.
17:42 of 2nd period - Wrist shot by Bryan Lerg.
17:42 of 2nd period - Shot Misses the Net.
17:44 of 2nd period - Backhand shot by Bryan Lerg.
17:44 of 2nd period - Shot Misses the Net.
17:46 of 2nd period - Backhand shot by Bryan Lerg.
17:46 of 2nd period - Shot Misses the Net.
17:48 of 2nd period - Slapshot by Keegan Lowe.
17:48 of 2nd period - Stopped by Scott Wedgewood without a rebound.
17:49 of 2nd period - Teemu Pulkkinen wins face-off versus Byron Froese in Condors zone.
19:00 of 2nd period - Bryan Lerg is hit by Michael Chaput and loses puck.
19:39 of 2nd period - Penalty to Kris Newbury is over, Kris Newbury is back on ice.
19:44 of 2nd period - Stephen Johns is hit by Ken Agostino and loses puck.
19:56 of 2nd period - Byron Froese is hit by David Schlemko and loses puck.
Goals for this period are 2 for Condors vs 1 for Phantoms.
Shots for this period are 19 for Condors vs 12 for Phantoms.

3rd period


0:01 of 3rd period - Ben Street wins face-off versus Tyler Graovac in neutral zone.
0:25 of 3rd period - Slapshot by Ryan Stanton.
0:25 of 3rd period - Stopped by Marek Mazanec with a rebound.
0:44 of 3rd period - Chris Neil and Michael Chaput fight to a draw.
0:44 of 3rd period - Penalty to Chris Neil for Fighting.
0:44 of 3rd period - Penalty to Michael Chaput for Fighting.
0:44 of 3rd period - Penalty to Chris Neil for instigated a fight.
0:44 of 3rd period - Penalty to Chris Neil for instigated a fight.
0:45 of 3rd period - Ben Street wins face-off versus Teemu Pulkkinen in neutral zone.
0:47 of 3rd period - Off-side.
0:48 of 3rd period - Tom Sestito wins face-off versus Pat Cannone in neutral zone.
0:55 of 3rd period - David Schlemko is hit by Tom Sestito and loses puck.
1:21 of 3rd period - Penalty to Steve MacIntyre is over, Steve MacIntyre is back on ice.
1:42 of 3rd period - Keegan Lowe is hit by David Schlemko.
1:56 of 3rd period - Bryan Lerg is hit by Tyler Graovac and loses puck.
2:16 of 3rd period - Penalty to Jared Nightingale is over, Jared Nightingale is back on ice.
2:44 of 3rd period - Penalty to Chris Neil is over, Stu Bickel is send on ice.
3:28 of 3rd period - Wrist shot by Bill Arnold.
3:28 of 3rd period - Shot Misses the Net.
3:47 of 3rd period - Off-side.
3:48 of 3rd period - Byron Froese wins face-off versus Tyler Graovac in neutral zone.
3:51 of 3rd period - Wrist shot by Bryan Lerg.
3:51 of 3rd period - Stopped by Scott Wedgewood with a rebound.
3:53 of 3rd period - Slapshot by Jared Nightingale.
3:53 of 3rd period - Shot Blocked by Michael Mersch.
4:20 of 3rd period - Rob Bordson is hit by Stu Bickel and loses puck.
4:41 of 3rd period - Snap shot by Stu Bickel.
4:41 of 3rd period - Stopped by Scott Wedgewood with a rebound.
4:52 of 3rd period - Matt Bailey is hit by Martin Gernat and loses puck.
5:07 of 3rd period - Wrist shot by Stu Bickel.
5:07 of 3rd period - Stopped by Scott Wedgewood without a rebound.
5:08 of 3rd period - Steve MacIntyre wins face-off versus Pat Cannone in Condors zone.
5:30 of 3rd period - Ryan Stanton is hit by Jared Nightingale and loses puck.
5:35 of 3rd period - Snap shot by Ben Street.
5:35 of 3rd period - Shot Misses the Net.
5:47 of 3rd period - Pat Cannone is hit by Martin Gernat and loses puck.
5:56 of 3rd period - Wrist shot by Greg Zanon.
5:56 of 3rd period - Shot Blocked by David Schlemko.
5:58 of 3rd period - Snap shot by Tom Sestito.
5:58 of 3rd period - Shot Hit the Post.
6:12 of 3rd period - Slapshot by Stu Bickel.
6:12 of 3rd period - Shot Blocked by Ken Agostino.
7:59 of 3rd period - Snap shot by Stu Bickel.
7:59 of 3rd period - Deflect By Nathan Longpre.
7:59 of 3rd period - Shot Blocked by Matt Bailey.
7:59 of 3rd period - Puck is out of play.
8:00 of 3rd period - Nathan Longpre wins face-off versus Tyler Graovac in Condors zone.
8:12 of 3rd period - Off-side.
8:13 of 3rd period - Chris Langkow wins face-off versus Tyler Graovac in neutral zone.
8:55 of 3rd period - Keegan Lowe is hit by Kevin Goumas and loses puck.
10:19 of 3rd period - Ben Street is hit by Tommy Cross and loses puck.
11:04 of 3rd period - Slapshot by Stephen Johns.
11:04 of 3rd period - Stopped by Scott Wedgewood with a rebound.
11:06 of 3rd period - Slapshot by Martin Gernat.
11:06 of 3rd period - Stopped by Scott Wedgewood with a rebound.
11:53 of 3rd period - Snap shot by Teemu Pulkkinen.
11:53 of 3rd period - Shot Misses the Net.
11:55 of 3rd period - Wrist shot by Bill Arnold.
11:55 of 3rd period - Stopped by Marek Mazanec with a rebound.
12:45 of 3rd period - Chris Langkow is hit by Michael Chaput and loses puck.
12:58 of 3rd period - Slapshot by Pat Cannone.
12:58 of 3rd period - Deflect By Ken Agostino.
12:58 of 3rd period - Shot Misses the Net.
12:58 of 3rd period - Puck is out of play.
12:59 of 3rd period - Nathan Longpre wins face-off versus Pat Cannone in Phantoms zone.
13:51 of 3rd period - Martin Gernat is hit by David Schlemko and loses puck.
14:12 of 3rd period - Erik Burgdoerfer is hit by Michael Chaput and loses puck.
15:08 of 3rd period - Snap shot by Kris Newbury.
15:08 of 3rd period - Stopped by Marek Mazanec with a rebound.
15:16 of 3rd period - Ben Street is hit by Tyler Graovac and loses puck.
15:39 of 3rd period - Snap shot by Stu Bickel.
15:39 of 3rd period - Shot Blocked by Bill Arnold.
15:41 of 3rd period - Slapshot by Greg Zanon.
15:41 of 3rd period - Stopped by Scott Wedgewood with a rebound.
15:44 of 3rd period - 10 Minutes Misconduct Penalty to Chris Neil is over.
16:25 of 3rd period - Wrist shot by Chris Langkow.
16:25 of 3rd period - Stopped by Scott Wedgewood with a rebound.
17:27 of 3rd period - Slapshot by Greg Zanon.
17:27 of 3rd period - Deflect By Chris Neil.
17:27 of 3rd period - Stopped by Scott Wedgewood with a rebound.
17:55 of 3rd period - Slapshot by Stephen Johns.
17:55 of 3rd period - Shot Blocked by Anthony Bitetto.
17:57 of 3rd period - Slapshot by Stephen Johns.
17:57 of 3rd period - Shot Blocked by Michael Chaput.
18:13 of 3rd period - Wrist shot by Pat Cannone.
18:13 of 3rd period - Shot Misses the Net.
19:00 of 3rd period - Phantoms, Marek Mazanec is pulled from the net.
19:14 of 3rd period - Minor Penalty to Taylor Fedun for High sticking.
19:15 of 3rd period - Ben Street wins face-off versus Teemu Pulkkinen in Condors zone.
19:32 of 3rd period - Snap shot by Garrett Wilson.
19:32 of 3rd period - Shot Misses the Net.
19:34 of 3rd period - Wrist shot by Greg Zanon.
19:34 of 3rd period - Stopped by Scott Wedgewood without a rebound.
19:35 of 3rd period - Luke Richardson call a timeout for Phantoms.
19:35 of 3rd period - Teemu Pulkkinen wins face-off versus Ben Street in Condors zone.
19:44 of 3rd period - Michael Chaput is hit by Stu Bickel and loses puck.
Goals for this period are 0 for Condors vs 0 for Phantoms.
Shots for this period are 3 for Condors vs 9 for Phantoms.